 Dungeon Crawl Stone Soup version 0.23-a0-169-gb21e695 (webtiles) character file.

27 Michelle the Skirmisher (level 2, -8/24 HPs)
             Began as a Demonspawn Fighter on Sept 11, 2018.
             Mangled by Sigmund
             ... wielding a +0 scythe
              (13 damage)
             ... on level 2 of the Dungeon.
             The game lasted 00:00:30 (628 turns).

Michelle the Skirmisher (Demonspawn Fighter)         Turns: 628, Time: 00:00:31

Health: -8/24      AC:  6    Str: 16    XL:     2   Next: 93%
Magic:  2/2        EV:  6    Int:  9    God:
Gold:   11         SH:  0    Dex: 12    Spells: 1/1 levels left

rFire    . . .     SeeInvis .   a - +0 war axe
rCold    . . .     Gourm    .   c - +0 shield
rNeg     . . .     Faith    .   b - +0 scale mail
rPois    .         Spirit   .   (no helmet)
rElec    .         Reflect  .   (no cloak)
rCorr    .         Harm     .   (no gloves)
MR       .....     Rnd*Tele +   (no boots)
Stlth    ..........             (no amulet)
HPRegen  0.08/turn              l - ring of teleportation (curse)
MPRegen  0.08/turn              (no ring)

@: confused, lethally poisoned (-8 -> -23)
A: spiny 1
a: no special abilities


You were on level 2 of the Dungeon.
You were not hungry.

You visited 1 branch of the dungeon, and saw 2 of its levels.

You collected 11 gold pieces.

Inventory:

Hand Weapons
 a - a +0 war axe (weapon)
Armour
 b - a +0 scale mail (worn)
 c - a +0 shield (worn)
Jewellery
 l - a cursed ring of teleportation (left hand)
Scrolls
 e - 2 scrolls of enchant weapon {unknown}
 h - a scroll of remove curse {unknown}
 j - a scroll of fog {unknown}
 k - a scroll of teleportation {unknown}
 n - a scroll of fear {unknown}
 o - a scroll of blinking {unknown}
Potions
 d - a potion of might
 g - 2 potions of ambrosia {unknown}
 i - a potion of curing {unknown}
 m - 2 potions of heal wounds {unknown}
Comestibles
 f - a ration


   Skills:
 + Level 3.5 Fighting
 * Level 2.6 Axes
 - Level 2.6 Armour
 - Level 2.6 Shields


You had one spell level left.
You didn't know any spells.
Your spell library was empty.

Dungeon Overview and Level Annotations

Branches:
Dungeon (2/15)

Altars:

Annotations:
D:2 Sigmund


Innate Abilities, Weirdness & Mutations

You are partially covered in sharp spines.


Message History

You are confused.
The kobold hits you but does no damage.
You slash Sigmund!
Sigmund is moderately wounded.
You miss the kobold.
* * * LOW HITPOINT WARNING * * *
You feel sick.
Sigmund says, "Look into my eyes."
Sigmund drinks a potion.
Sigmund seems to grow stronger.
The kobold hits you but does no damage. Sigmund is struck by your spines.
Sigmund barely misses you. The kobold barely misses you.
You closely miss Sigmund.
Sigmund is moderately wounded.
Your shield and scale mail prevent you from hitting the kobold.
* * * LOW HITPOINT WARNING * * *
You feel sick. The kobold hits you but does no damage.
Sigmund says, "Now you see me, now you don't..."
Sigmund hits you with a scythe!
Ouch! That really hurt!
You die...

...................+
##.#..........#....#
###.##.#####....#
###.##.#####....##.
..........()..$.....
.....##.##..(.?...#
..... #.##........#
... #.##..K.....# ..
#..+.)@.....# .
#.##...@....#
............#
####........#
#........#
#..........
#######.... ....


You could see Sigmund and a kobold.

Vanquished Creatures
  An ooze (D:1)
  3 dart slugs (D:1)
  A giant cockroach (D:1)
  A goblin (D:1)
  2 hobgoblins (D:1)
  2 bats (D:1)
  A frilled lizard (D:1)
  4 kobolds
  2 rats (D:1)
17 creatures vanquished.

Notes
Turn   | Place    | Note
-------+----------+-------------------------------------------
     0 | D:1      | Michelle the Demonspawn Fighter began the quest for the
                  | Orb.
     0 | D:1      | Reached XP level 1. HP: 18/18 MP: 1/1
   229 | D:1      | Gained mutation: You are partially covered in sharp spines.
                  | [demonic ancestry]
   229 | D:1      | Reached XP level 2. HP: 24/24 MP: 2/2
   620 | D:2      | Noticed Sigmund
   628 | D:2      | Mangled by Sigmund

Vault maps used:
D:1:      eino_arrival_cavern_a, serial_glass, glass_columns_c, glass_columns_a
D:2:      nemelex_altar_shiori, uniq_sigmund

Skill      XL: |  1 |
---------------+----+-----
Axes           | 2 |  2.6
Fighting       | |  3.5
Armour         | |  2.6
Shields        | |  2.6

Action                   || total
-------------------------++-------
Melee: War axe           ||    39
Armor: Scale mail        ||    15
Dodge: Dodged            ||    13
Block: Shield            ||    16

Table legend:
 A = Non-vault XP
 B = Vault XP
 C = Vault XP percentage of total XP
 D = Non-vault monster count
 E = Vault monster count
 F = Vault count percentage of total count
                 A         B        C        D         E       F
            +---------+---------+-------+---------+---------+-------
      Total |      39 |       0 |   0.0 |      17 |       0 |   0.0
            +---------+---------+-------+---------+---------+-------
        D:1 |      36 |       0 |   0.0 |      15 |       0 |   0.0
        D:2 |       3 |       0 |   0.0 |       2 |       0 |   0.0
            +---------+---------+-------+---------+---------+-------
